 Dungeon Crawl Stone Soup version 0.21.0-25-ge575cb9 (webtiles) character file.

1 Monsterracer the Slasher (level 1, -1/19 HPs)
             Began as a Minotaur Monk on Jan 24, 2018.
             Slain by an ooze (2 damage)
             ... on level 1 of the Dungeon.
             The game lasted 00:00:23 (56 turns).

Monsterracer the Slasher (Minotaur Monk)              Turns: 56, Time: 00:00:24

Health: -1/19      AC:  2    Str: 15    XL:     1   Next: 16%
Magic:  0/0        EV: 13    Int:  7    God:
Gold:   0          SH:  0    Dex: 12    Spells: 0/0 levels left

rFire    . . .     SeeInvis .   a - +0 falchion {!a}
rCold    . . .     Gourm    .   (no shield)
rNeg     . . .     Faith    .   b - +0 robe
rPois    .         Spirit   .   (helmet restricted)
rElec    .         Reflect  .   (no cloak)
rCorr    .         Harm     .   (no gloves)
MR       .....                  (no boots)
Stlth    ++........             (no amulet)
HPRegen  0.06/turn              (no ring)
MPRegen  0.07/turn              (no ring)

@: no status effects
A: retaliatory headbutt, horns 2
a: no special abilities


You were on level 1 of the Dungeon.
You were not hungry.

You visited 1 branch of the dungeon, and saw 1 of its levels.

Inventory:

Hand Weapons
 a - a +0 falchion (weapon) {!a}
Armour
 b - a +0 robe (worn)
Comestibles
 c - a ration


   Skills:
 - Level 3.6 Fighting
 * Level 3.7 Long Blades
 + Level 3.3 Dodging
 - Level 1.5 Stealth


You couldn't memorise any spells.
You didn't know any spells.

Dungeon Overview and Level Annotations

Branches:
Dungeon (1/15)

Altars:


Innate Abilities, Weirdness & Mutations

You reflexively headbutt those who attack you in melee.
You have a pair of horns on your head.


Message History

Welcome, Monsterracer the Minotaur Monk.
Will you prevail where others failed? Will you find the Orb of Zot?
Press ? for a list of commands and other information.
Found a club.
Found a staircase leading out of the dungeon.
Inscribe with what? !a Unknown command.
You open the large door.
Found 20 stones.
There is a large open door here.
You open the large door.
There is a large open door here.
Found a stone staircase leading down.
No target in view!
You open the large door.
There is a large open door here.
You enter the shallow water.
Moving in this stuff is going to be slow.
You open the door.
An ooze and a goblin come into view.
There are monsters nearby!
Really attack while wielding your +0 falchion {!a}?
Okay, then.
The goblin completely misses you. The goblin hits you.
You take 1 damage, and have 18/19 hp.
The ooze quivers.
The goblin hits you.
You take 3 damage, and have 15/19 hp.
The goblin closely misses you. The goblin barely misses you.
The goblin hits you.
You take 3 damage, and have 12/19 hp.
The goblin hits you. The goblin barely misses you. The goblin misses you.
You riposte.
You closely miss the goblin. The goblin hits you.
You take 2 damage, and have 10/19 hp.
The goblin hits you.
* * * LOW HITPOINT WARNING * * *
You take 4 damage, and have 6/19 hp.
MASSIVE DAMAGE!!
The goblin closely misses you. The goblin hits you.
* * * LOW HITPOINT WARNING * * *
You take 2 damage, and have 4/19 hp.
The goblin closely misses you. The goblin misses you.
You riposte.
You closely miss the goblin. The goblin misses you. You furiously retaliate!
You headbutt the goblin!
You kill the goblin!
The ooze hits you.
* * * LOW HITPOINT WARNING * * *
You take 1 damage, and have 3/19 hp.
The ooze barely misses you. The ooze closely misses you.
The ooze closely misses you. The ooze closely misses you. The ooze hits you.
* * * LOW HITPOINT WARNING * * *
You take 2 damage, and have 1/19 hp.
The ooze hits you but does no damage. The ooze misses you.
You furiously retaliate!
You headbutt the ooze, but do no damage.
The ooze hits you.
You die...

.............. ...
......... #†#
#........ #.#
#........
#######.###........
.............>.....
.#≈≈≈≈≈≈≈≈..≈≈≈≈≈≈≈
#≈..8..8.J..8..8..
#≈.######'@######.
#≈8#≈≈≈≈≈..≈≈≈≈≈#
#≈ #≈..........≈# #
#≈.########.≈#
#≈..........≈#
#≈≈≈≈≈..≈≈≈≈≈#
######''######
#............#
#§≈≈≈≈..≈≈≈≈≈#


You could see an ooze.

Vanquished Creatures
  A goblin (D:1)
1 creature vanquished.

Notes
Turn   | Place    | Note
-------+----------+-------------------------------------------
     0 | D:1      | Monsterracer the Minotaur Monk began the quest for the Orb.
     0 | D:1      | Reached XP level 1. HP: 19/19 MP: 0/0
    36 | D:1      | HP: 6/19 [goblin (4)]
    44 | D:1      | HP: 3/19 [ooze (1)]
    49 | D:1      | HP: 1/19 [ooze (3)]
    56 | D:1      | Slain by an ooze

Action                   || total
-------------------------++-------
Armor: Robe              ||     1
Dodge: Dodged            ||    14
       Rpst.: Falchion   ||     2

Vault maps used:
D:1:      lightli_arrival_isolated_outpost, kennysheep_boxes
